 Dungeon Crawl Stone Soup version 0.20.1 (webtiles) character file.

10102 polve the Transmogrifier (level 11, 0/89 HPs)
             Began as a White Draconian Transmuter on July 2, 2017.
             Slain by a yak (16 damage)
             ... on level 1 of the Lair of Beasts.
             The game lasted 00:27:43 (16640 turns).

polve the Transmogrifier (DrTm)                    Turns: 16640, Time: 00:27:44

Health: 0/89       AC: 12    Str: 13    XL:     11   Next: 31%
Magic:  22/27      EV: 14    Int: 17    God:
Gold:   540        SH:  0    Dex: 11    Spells: 2/19 levels left

rFire    . . .     SeeInvis .     - Unarmed
rCold    + . .     Gourm    .   (shield currently unavailable)
rNeg     . . .     Faith    .   (armour unavailable)
rPois    .         Spirit   .   D - +1 hat
rElec    .         Reflect  .   p - +2 cloak
rCorr    .         Harm     .   (gloves currently unavailable)
MR       .....                  f - +0 pair of boots (curse)
Stlth    ++........             (no amulet)
Regen    0.3/turn               s - ring of stealth (curse)
MPRegen  0.2/turn               v - ring of magical power

@: blade hands, starving
A: breathe frost, unfitting armour, cold resistance 1, cold-blooded, AC +7
a: Breathe Frost, End Transformation


You were on level 1 of the Lair of Beasts.
You were starving.
You had blades for hands.
You visited 3 branches of the dungeon, and saw 11 of its levels.

You collected 540 gold pieces.

Inventory:

Missiles
 a - 52 arrows (quivered)
Armour
 f - a cursed +0 pair of boots (worn)
 g - a +2 pair of gloves (melded)
 p - a +2 cloak (worn)
 D - a +1 hat (worn)
Jewellery
 s - a cursed ring of stealth (left scythe-like blade)
 v - a ring of magical power (right scythe-like blade)
Wands
 u - a wand of lightning (13/15)
 F - a wand of polymorph (16/24)
 J - a wand of lightning (1/15)
Scrolls
 i - a scroll of teleportation
 j - 5 scrolls of enchant armour
 n - 2 scrolls of recharging
 r - 3 scrolls of fog
 t - a scroll of remove curse {unknown}
 x - a scroll of summoning {unknown}
 E - a scroll of magic mapping {unknown}
 H - a scroll of silence
Potions
 d - a potion of berserk rage
 e - 2 potions of curing
 k - a potion of agility
 o - 2 potions of ambrosia {unknown}
 w - 2 potions of brilliance {unknown}
 z - a potion of degeneration {unknown}
 A - 2 potions of might {unknown}
 B - a potion of flight
 C - a potion of lignification {unknown}
 G - a potion of mutation {unknown}
 I - a potion of haste
Books
 b - a book of Changes

   Spells                             Type                      Level
   a - Beastly Appendage              Transmutation                1
   b - Sticks to Snakes               Transmutation                2
   c - Spider Form                    Transmutation/Poison         3
   d - Ice Form                       Ice/Transmutation            4
   e - Blade Hands                    Transmutation                5
 h - a book of Misfortune

   Spells                             Type                      Level
   a - Confusing Touch                Hexes                        1
   b - Confuse                        Hexes                        3
   c - Gell's Gravitas                Translocation                3
   d - Petrify                        Transmutation/Earth          4
   e - Metabolic Englaciation         Hexes/Ice                    5
   f - Yara's Violent Unravelling     Hexes/Transmutation          5
 q - a book of Enchantments

   Spells                             Type                      Level
   a - Cause Fear                     Hexes                        4
   b - Yara's Violent Unravelling     Hexes/Transmutation          5
   c - Silence                        Hexes/Air                    5
   d - Deflect Missiles               Charms/Air                   6
   e - Discord                        Hexes                        8
 y - a book of Minor Magic

   Spells                             Type                      Level
   a - Magic Dart                     Conjuration                  1
   b - Blink                          Translocation                2
   c - Call Imp                       Summoning                    2
   d - Slow                           Hexes                        2
   e - Conjure Flame                  Conjuration/Fire             3
   f - Mephitic Cloud                 Conjuration/Poison/Air       3
Comestibles
 c - 8 bread rations
 l - 6 royal jellies
 m - 3 meat rations


   Skills:
 - Level 6.0 Fighting
 - Level 6.0 Dodging
 - Level 10.0 Unarmed Combat
 + Level 4.9 Spellcasting
 - Level 2.0 Translocations
 - Level 10.3 Transmutations
 - Level 5.1 Ice Magic
 - Level 3.0 Poison Magic


You had 2 spell levels left.
You knew the following spells:

 Your Spells              Type           Power        Failure   Level  Hunger
a - Beastly Appendage     Tmut           #####.       9%          1    None
b - Sticks to Snakes      Tmut           #####...     10%         2    #......
c - Spider Form           Tmut/Pois      ####......   24%         3    ###....
d - Blade Hands           Tmut           #####.....   36%         5    ######.
e - Ice Form              Ice/Tmut       ####....     36%         4    ####...
f - Blink                 Tloc           N/A          45%         2    #......


Dungeon Overview and Level Annotations

Branches:
Dungeon (9/15)             Temple (1/1) D:7            Lair (1/6) D:9
    Orc: D:9-12

Altars:
Ashenzari
Cheibriados
Dithmenos
Elyvilon
Fedhas
Gozag
Hepliaklqana
Kikubaaqudgha
Makhleb
Nemelex Xobeh
Okawaru
Qazlal
Ru
Sif Muna
Trog
Uskayaw
Vehumet
Xom
Yredelemnul
Zin
The Shining One

Shops:
D:6 :=[?

Annotations:
D:4 bli's ghost, amateur DrWn


Innate Abilities, Weirdness & Mutations

You can breathe waves of freezing cold.
You can buffet flying creatures when you breathe cold.
Your icy white scales are hard. (AC +7)
You cannot fit into any form of body armour.
Your flesh is cold resistant. (rC+)
You are cold-blooded and may be slowed by cold attacks.


Message History

The yak closely misses you.
You slice the yak!!
You kill the yak!
You hit the yak. Your slash misses the yak.
The yak is lightly wounded.
Your hands revert to their normal proportions.
Your +2 pair of gloves unmelds from your body.
You feel sick. The yak barely misses you.
Casting: Blade Hands
Confirm with . or Enter, or press ? or * to list all spells.
Your hands turn into razor-sharp scythe blades.
Your +2 pair of gloves melds into your body.
You are starving!
The yak gores you but does no damage.
You slice the yak!!
The yak is severely wounded.
The yak gores you.
* * * LOW HITPOINT WARNING * * *
You feel better. The yak gores you!
You die...

................##..##
..............####..#
................##.##
..................##
................###
................#
......###.......#
..........#....Y##
........†#######@#
.........# ###
.......... .).##..##.
.. #.. .# . ... # ..##
...


You could see a yak.

Vanquished Creatures
  Erica (D:8)
  A two-headed ogre (D:9)
  Pikel (D:4)
  3 spiny frogs (Lair:1)
  3 komodo dragons
  A rime drake (Lair:1)
  A hippogriff (D:8)
  Sigmund (D:4)
  2 wyverns
  Eustachio (D:5)
  4 yaks (Lair:1)
  4 hungry ghosts
  A porcupine (Lair:1)
  2 water moccasins
  Duvessa (D:5)
  2 orc warriors
  2 sky beasts
  An ice beast (D:7)
  8 ogres
  A necrophage (D:9)
  An eye of draining (D:5)
  A crocodile (Lair:1)
  A big kobold (D:9)
  A gnoll sergeant (D:6)
  6 bullfrogs
  Dowan (D:5)
  A scorpion (D:5)
  6 killer bees
  3 wights (D:6)
  3 howler monkeys (D:9)
  7 crimson imps
  4 hounds
  4 jellies
  7 orc wizards
  A quasit (D:6)
  3 orc priests
  4 bullfrog skeletons
  2 centaur skeletons
  8 worker ants
  Natasha (thrice) (D:3)
  3 iguanas
  2 hound zombies
  A hound skeleton (D:8)
  4 gnolls (D:6)
  13 adders
  A shadow imp (D:9)
  2 oozes
  An adder zombie (D:6)
  4 worms
  An adder skeleton (D:8)
  2 dart slugs (D:1)
  5 leopard geckos
  26 orcs
  A ball python (D:2)
  14 giant cockroaches
  14 goblins
  7 hobgoblins
  6 jackals
  6 quokkas
  9 bats
  6 frilled lizards
  13 kobolds
  A quokka zombie (D:7)
  10 rats
  A plant (D:9)
261 creatures vanquished.

Vanquished Creatures (collateral kills)
  Menkaure (D:4)
1 creature vanquished.

Vanquished Creatures (others)
  An ogre (D:5)
  An orc wizard (D:5)
  3 adders (D:5)
  An orc (D:5)
  2 frilled lizards (D:4)
  A plant (D:9)
9 creatures vanquished.

Grand Total: 271 creatures vanquished

Notes
Turn   | Place    | Note
-------+----------+-------------------------------------------
     0 | D:1      | polve the Draconian Transmuter began the quest for the Orb.
     0 | D:1      | Reached XP level 1. HP: 16/16 MP: 3/3
   231 | D:1      | Reached XP level 2. HP: 23/23 MP: 5/5
   772 | D:1      | Reached XP level 3. HP: 28/28 MP: 4/6
  1658 | D:2      | Reached XP level 4. HP: 14/35 MP: 7/7
  2958 | D:3      | Found a burning altar of Makhleb.
  3019 | D:3      | Reached skill level 5 in Transmutations
  3131 | D:3      | Noticed Natasha
  3177 | D:3      | Killed Natasha
  3177 | D:3      | Reached XP level 5. HP: 36/40 MP: 6/8
  3199 | D:3      | Noticed Natasha
  3208 | D:3      | Killed Natasha
  3374 | D:3      | Found an opulent altar of Gozag.
  3773 | D:3      | Noticed Natasha
  3793 | D:3      | Killed Natasha
  4478 | D:4      | Noticed Sigmund
  4484 | D:4      | Noticed Menkaure
  4492 | D:4      | Killed Sigmund
  4492 | D:4      | Reached XP level 6. HP: 47/47 MP: 9/9
  4591 | D:4      | Noticed bli's ghost (amateur DrWn)
  4964 | D:3      | Learned a level 2 spell: Sticks to Snakes
  4968 | D:3      | Learned a level 3 spell: Spider Form
  5113 | D:4      | Killed Menkaure
  5113 | D:4      | Reached skill level 1 in Poison Magic
  5113 | D:4      | Your scales start taking on an icy white colour.
  5113 | D:4      | Reached XP level 7. HP: 35/52 MP: 7/10
  5113 | D:4      | Gained mutation: Your flesh is cold resistant. (rC+) [White Draconian growth]
  6774 | D:4      | Reached XP level 8. HP: 19/59 MP: 11/11
  7507 | D:4      | Noticed Pikel
  7556 | D:4      | Killed Pikel
  7556 | D:4      | Reached skill level 10 in Transmutations
  8020 | D:5      | Entered Level 5 of the Dungeon
  8027 | D:5      | Learned a level 5 spell: Blade Hands
  8033 | D:5      | Noticed Eustachio
  8041 | D:5      | Killed Eustachio
  8378 | D:5      | Found a bloodstained altar of Trog.
  8532 | D:5      | Noticed Duvessa
  8600 | D:5      | Found an ancient bone altar of Kikubaaqudgha.
  8617 | D:5      | Noticed Dowan
  8927 | D:5      | Killed Duvessa
  8927 | D:5      | Reached XP level 9. HP: 71/71 MP: 6/12
  9013 | D:5      | Killed Dowan
  9585 | D:5      | Found a sparkling altar of Nemelex Xobeh.
  9886 | D:6      | Reached skill level 5 in Unarmed Combat
 10055 | D:6      | Found Umugryip's General Store.
 10101 | D:6      | Reached skill level 5 in Fighting
 10355 | D:6      | Found Bohac's Magic Scroll Shop.
 10470 | D:6      | Found Voholulu's Armour Shoppe.
 10472 | D:6      | Found Moukaxurch's Book Shoppe.
 10540 | D:6      | Found Faaman's Jewellery Emporium.
 11394 | D:7      | Found a staircase to the Ecumenical Temple.
 11403 | Temple   | Entered the Ecumenical Temple
 11882 | D:7      | Found a glowing golden altar of the Shining One.
 11994 | D:7      | Found a shattered altar of Ashenzari.
 12452 | D:8      | Reached XP level 10. HP: 83/83 MP: 15/15
 13051 | D:8      | Learned a level 4 spell: Ice Form
 13054 | D:8      | Learned a level 2 spell: Blink
 13343 | D:8      | Noticed Erica
 13363 | D:8      | Killed Erica
 13675 | D:9      | Noticed a two-headed ogre
 14008 | D:9      | Killed a two-headed ogre
 14167 | D:9      | Found a staircase to the Lair.
 14183 | D:9      | Reached skill level 5 in Ice Magic
 14655 | D:9      | Reached skill level 10 in Unarmed Combat
 15214 | D:9      | Found a stormy altar of Qazlal.
 15539 | Lair:1   | Entered Level 1 of the Lair of Beasts
 15568 | Lair:1   | Noticed a spiny frog
 15575 | Lair:1   | Killed a spiny frog
 15575 | Lair:1   | Reached XP level 11. HP: 79/87 MP: 17/17
 15585 | Lair:1   | HP: 2/87 [rime drake/flash freeze (21)]
 15591 | Lair:1   | Reached skill level 5 in Dodging
 16640 | Lair:1   | Slain by a yak

Skill      XL: |  1  2  3  4  5  6  7  8  9 10 11 |
---------------+----------------------------------+-----
Transmutations | 3 4 5 7 9 10 | 10.3
Poison Magic   | 1 3 |  3.0
Fighting       | 3 6 |  6.0
Unarmed Combat | 4 8 10 | 10.0
Spellcasting   | 3 4 |  4.9
Translocations | 2 |  2.0
Ice Magic      | 5 |  5.1
Dodging        | 4 6 |  6.0

Action                   |  1- 3 |  4- 6 |  7- 9 | 10-12 || total
-------------------------+-------+-------+-------+-------++-------
Melee: Unarmed           |   161 |   224 |   557 |   258 ||  1200
       Tailslap          |    18 |    20 |    52 |    17 ||   107
       Kick              |     3 |     6 |       |       ||     9
       Punch             |     2 |     2 |     9 |     3 ||    16
       Headbutt          |     4 |    14 |    17 |       ||    35
 Cast: Beastly Appendage |     7 |    19 |    14 |       ||    40
       Sticks to Snakes  |       |     1 |     7 |       ||     8
       Spider Form       |       |       |     4 |       ||     4
       Blade Hands       |       |       |    11 |    16 ||    27
 Abil: Breathe Frost     |       |       |    32 |    10 ||    42
  Use: Potion            |       |     6 |     1 |     5 ||    12
       Scroll            |       |       |     2 |     4 ||     6
 Stab: Sleeping          |     1 |     3 |     4 |     2 ||    10
       Distracted        |       |       |     1 |       ||     1
  Eat: Chunk             |     2 |    12 |    35 |    16 ||    65
       Fruit             |       |       |     2 |     2 ||     4
       Meat ration       |       |       |       |     1 ||     1
Armor: Skin              |    55 |    57 |   214 |    92 ||   418
Dodge: Dodged            |   128 |   134 |   342 |   112 ||   716
